 Dungeon Crawl Stone Soup version 0.22.0 (webtiles) character file.

26376 Gergoth the Thaumaturge (level 12, -4/74 HPs)
             Began as a Deep Elf Fire Elementalist on Aug 10, 2018.
             Was an Elder of Yredelemnul.
             Slain by a black mamba (13 damage)
             ... on level 5 of the Lair of Beasts.
             The game lasted 00:41:08 (15245 turns).

Gergoth the Thaumaturge (DEFE)                     Turns: 15245, Time: 00:41:09

Health: -4/74      AC: 12    Str:  8    XL:     12   Next: 97%
Magic:  2/29       EV: 15    Int: 25    God:    Yredelemnul [****..]
Gold:   817        SH:  0    Dex: 15    Spells: 18/33 levels left

rFire    . . .     SeeInvis .   u - +7 mace of Tortfeasance {crush, Stlth+}
rCold    . . .     Gourm    .   (no shield)
rNeg     . . .     Faith    .   a - +3 ring mail of Courage {+Fly Int+2}
rPois    +         Spirit   .   A - +1 hat
rElec    .         Reflect  .   n - +0 cloak
rCorr    .         Harm     .   B - +0 pair of gloves
MR       +....                  (no boots)
Stlth    ++........             (no amulet)
HPRegen  0.22/turn              w - ring of poison resistance
MPRegen  0.21/turn              (no ring)

@: very slightly contaminated
A: no striking features
a: Recall Undead Slaves, Injury Mirror, Animate Dead, Drain Life, Renounce
Religion, Evoke Flight


You were on level 5 of the Lair of Beasts.
You worshipped Yredelemnul.
Yredelemnul was greatly pleased with you.
You were hungry.

You visited 3 branches of the dungeon, and saw 15 of its levels.
You also visited: Ossuary.

You collected 817 gold pieces.

Inventory:

Hand Weapons
 h - the +3 rapier of Guilt {venom, Dex+4}
   (You found it on level 8 of the Dungeon)

   It poisons the flesh of those it strikes.
   It affects your dexterity (+4).
 p - a +2 quarterstaff of chaos
 u - the +7 mace of Tortfeasance (weapon) {crush, Stlth+}
   (You found it on level 4 of the Dungeon)

   It inflicts extra damage upon your enemies.
   It makes you more stealthy.
Armour
 a - the +3 ring mail of Courage (worn) {+Fly Int+2}
   (You found it on level 5 of the Dungeon)

   It affects your intelligence (+2).
   It lets you fly.
 n - a +0 cloak (worn)
 z - the +3 robe of Dim Light {rN+ MR+}
   (You found it on level 1 of the Lair of Beasts)

   It protects you from negative energy.
   It affects your resistance to hostile enchantments.
 A - a +1 hat (worn)
 B - a +0 pair of gloves (worn)
 N - a +0 buckler
Magical Staves
 y - an uncursed staff of conjuration
Jewellery
 r - an uncursed ring of ice
 w - a ring of poison resistance (left hand)
 O - an uncursed ring of flight {unknown}
Wands
 x - a wand of disintegration (16)
 C - a wand of paralysis (20)
 D - a wand of digging (16)
 L - a wand of flame (32)
Scrolls
 e - 4 scrolls of enchant weapon
 g - 8 scrolls of teleportation
 j - 3 scrolls of magic mapping
 k - 6 scrolls of remove curse
 m - a scroll of fear
 t - 3 scrolls of blinking {unknown}
 E - a scroll of brand weapon {unknown}
 G - 5 scrolls of amnesia
 J - a scroll of noise {unknown}
 M - 2 scrolls of identify {@r1}
Potions
 b - 4 potions of cancellation
 d - 2 potions of curing
 f - 7 potions of haste {unknown}
 i - 4 potions of flight
 l - 2 potions of brilliance {unknown}
 o - a potion of ambrosia {unknown}
 q - 2 potions of might {unknown}
 s - a potion of heal wounds
 v - 2 potions of degeneration {unknown}
 F - 2 potions of agility {unknown}
 H - 2 potions of lignification {unknown}
 I - a potion of berserk rage {unknown}
 P - a potion of invisibility {unknown}
Comestibles
 c - 25 rations
 K - a chunk of flesh


   Skills:
 - Level 8.2 Fighting
 - Level 6.0 Armour
 - Level 10.0 Dodging
 - Level 2.4 Stealth
 - Level 4.3 Shields
 + Level 11.1 Spellcasting
 + Level 10.7 Conjurations
 + Level 10.8 Fire Magic


You had 18 spell levels left.
You knew the following spells:

 Your Spells              Type           Power        Failure   Level  Hunger
a - Flame Tongue          Conj/Fire      #####        1%          1    None
b - Conjure Flame         Conj/Fire      ######..     1%          3    None
c - Sticky Flame          Conj/Fire      ######..     1%          4    None
d - Fireball              Conj/Fire      ######....   4%          5    ####...
u - Throw Flame           Conj/Fire      ######       1%          2    None

Your spell library contained the following spells:

 Spells                   Type           Power        Failure   Level  Hunger
 Apportation              Tloc           ##....       12%         1    None
 Bolt of Magma            Conj/Fire/Erth #####.....   17%         5    ####...
 Confuse                  Hex            ##......     34%         3    None
 Venom Bolt               Conj/Pois      #####.....   34%         5    ####...
 Summon Small Mammal      Summ           ##..         12%         1    None
 Animate Skeleton         Necr           N/A          12%         1    None
 Tukima's Dance           Hex            ##......     34%         3    None
 Iron Shot                Conj/Erth      #####.....   89%         6    #####..
 Stone Arrow              Conj/Erth      #####.       3%          3    None
 Confusing Touch          Hex            ##....       12%         1    None
 Passwall                 Tmut/Erth      ##......     19%         2    None
 Ensorcelled Hibernation  Hex/Ice        ##....       19%         2    None
 Corona                   Hex            ##.....      12%         1    None
 Lee's Rapid Deconstruct  Erth           ##........   97%         5    ####...
 Sandblast                Erth           ##....       12%         1    None
 Petrify                  Tmut/Erth      ##......     75%         4    None
 Orb of Destruction       Conj           ######....   77%         7    #######
 Inner Flame              Hex/Fire       #####...     3%          3    None
 Iskenderun's Battlesphe  Conj/Chrm      #####...     34%         5    ####...
 Fulminant Prism          Conj/Hex       #####.....   13%         4    None
 Dazzling Spray           Conj/Hex       #####.       3%          3    None
 Spellforged Servitor     Conj/Summ      #####.....   100%        7    #######
 Summon Mana Viper        Hex/Summ       ##......     97%         5    ####...


Dungeon Overview and Level Annotations

Branches:
Dungeon (8/15)             Temple (1/1) D:5            Lair (6/6) D:8
 Shoals (0/4) Lair:4        Snake (0/4) Lair:4
  Slime: Lair:5-6

Altars:
Ashenzari
Cheibriados
Dithmenos
Elyvilon
Fedhas
Hepliaklqana
Kikubaaqudgha
Makhleb
Okawaru
Qazlal
Ru
Sif Muna
Trog
Uskayaw
Vehumet
Wu Jian
Xom
Yredelemnul
Zin

Shops:
D:4 *

Annotations:
Lair:1 Urug
Lair:2 exclusion: oklob plant


Message History

The black mamba closely misses you.
Your wight hits the black mamba with an enchanted great sword!
The black mamba bites you!
* * * LOW HITPOINT WARNING * * *
You are lethally poisoned!
The black mamba poisons you!
You sock the black mamba!
The black mamba is heavily wounded.
* * * LOW HITPOINT WARNING * * *
You feel very sick. The black mamba bites you!
* * * LOW HITPOINT WARNING * * *
Your wight completely misses the black mamba.
The black mamba misses you.
Your mummy misses the black mamba.
You feel better. The black mamba bites you.
* * * LOW HITPOINT WARNING * * *
Your wight barely misses the black mamba.
The black mamba bites you!
You die...
Your body rises from the dead as a mindless zombie.

....................#
....................#
....................#
....................#
....................#
....................#
....................#
....................#
................@z..#
.......#.....#..S...#
.......#######.#.M###
P......# ####.#.###
.......###P##..#.####
......##...#####.##.#
....................#
....................#
....................#


You could see a black mamba, a friendly mummy and a friendly wight.

Vanquished Creatures
  3 hydras
  A two-headed ogre (D:8)
  A death yak (Lair:5)
  Sonja (Lair:3)
  Pikel (D:8)
  A black mamba (Lair:6)
  A merfolk siren (Lair:4)
  A torpor snail (Lair:5)
  3 spiny frogs
  A rime drake (Lair:5)
  6 komodo dragons
  A polar bear (Lair:4)
  10 dream sheep
  8 blink frogs
  3 hippogriffs
  2 wyverns
  9 yaks
  4 hogs (Lair:3)
  2 basilisks
  Menkaure (D:4)
  4 nagas (Lair:4)
  6 porcupines
  9 water moccasins
  2 phantoms
  2 black bears
  An ice beast (D:5)
  An orc warrior (D:7)
  A sky beast (D:8)
  5 ogres
  9 wolves
  4 centaurs
  3 elf zombies (Ossuary)
  5 crocodiles
  A big kobold (D:7)
  3 gnoll sergeants (D:7)
  8 bullfrogs
  8 killer bees (D:7)
  3 howler monkeys
  5 crimson imps
  5 centaur zombies
  A jelly (D:8)
  5 human zombies (Ossuary)
  5 hounds
  4 orc priests
  2 gnoll shamans
  3 orc wizards
  A centaur skeleton (D:4)
  Crazy Yiuf (D:4)
  A bullfrog skeleton (D:7)
  Terence (D:2)
  An iguana (D:7)
  9 worker ants
  3 mummies (Ossuary)
  A worker ant zombie (D:5)
  8 gnolls
  12 adders
  2 oozes (D:1)
  3 adder zombies
  An adder skeleton (D:5)
  2 worms
  2 dart slugs
  2 leopard geckos
  14 orcs
  A ball python (D:5)
  6 giant cockroaches
  4 goblins
  13 hobgoblins
  4 jackals
  14 kobolds
  6 quokkas
  8 bats
  4 frilled lizards
  A quokka skeleton (D:7)
  11 rats
  A fungus (Lair:5)
302 creatures vanquished.

Vanquished Creatures (collateral kills)
  Kirke (Lair:3)
  A death yak (Lair:4)
  An oklob plant (Lair:2)
  A spiny frog (Lair:4)
  A polar bear (Lair:3)
  2 blink frogs (Lair:2)
  6 dream sheep
  3 hippogriffs
  4 yaks
  3 hogs
  3 basilisks
  A porcupine (Lair:2)
  2 water moccasins
  A swamp drake (D:8)
  An ogre (D:8)
  4 crocodiles
  A bullfrog (Lair:4)
  2 butterflies (Lair:2)
  3 fungi
41 creatures vanquished.

Vanquished Creatures (others)
  2 slaves (D:8)
  3 dream sheep zombies (Lair:6)
  An ogre (D:8)
  4 komodo dragon zombies
  An elf skeleton (D:8)
  A wyvern zombie (D:8)
  A polar bear zombie (Lair:3)
  A yak zombie (Lair:4)
  A wight (Lair:6)
  A bullfrog zombie (Lair:3)
  A hound (D:8)
  A basilisk zombie (Lair:2)
  A porcupine skeleton (Lair:3)
  A crocodile zombie (Lair:4)
  A human skeleton (D:8)
  A crocodile skeleton (Lair:3)
  A hound zombie (D:8)
  2 mummies (Lair:5)
  A howler monkey zombie (D:8)
  An adder (D:8)
  An adder skeleton (D:8)
  A leopard gecko skeleton (D:8)
  An orc skeleton (D:8)
  6 fungi
  2 plants (Lair:4)
38 creatures vanquished.

Grand Total: 381 creatures vanquished

Notes
Turn   | Place    | Note
-------+----------+-------------------------------------------
     0 | D:1      | Gergoth the Deep Elf Fire Elementalist began the quest for the Orb.
     0 | D:1      | Reached XP level 1. HP: 10/10 MP: 6/6
    63 | D:1      | Reached XP level 2. HP: 15/15 MP: 5/8
   452 | D:1      | Reached XP level 3. HP: 19/19 MP: 2/10
   908 | D:2      | Reached skill level 4 in Spellcasting
   956 | D:2      | Learned a level 2 spell: Throw Flame
   960 | D:2      | Learned a level 3 spell: Conjure Flame
  1052 | D:2      | Found a hide-covered altar of Uskayaw.
  1178 | D:2      | Reached XP level 4. HP: 24/24 MP: 7/12
  1484 | D:2      | Noticed Terence
  2251 | D:3      | Reached XP level 5. HP: 27/28 MP: 0/14
  2495 | D:4      | Noticed a phantom
  2609 | D:2      | Learned a level 4 spell: Sticky Flame
  2667 | D:2      | Killed Terence
  2667 | D:2      | Reached skill level 5 in Spellcasting
  2812 | D:4      | Got a fine mace
  2821 | D:4      | Identified the +7 mace of Tortfeasance {crush, Stlth+} (You found it on level 4 of the Dungeon)
  2827 | D:4      | Found an ancient bone altar of Kikubaaqudgha.
  2856 | D:4      | Reached skill level 5 in Fire Magic
  2872 | D:4      | Killed a phantom
  2872 | D:4      | Reached XP level 6. HP: 22/32 MP: 3/16
  3138 | D:4      | Reached skill level 6 in Spellcasting
  3249 | D:4      | Found a stormy altar of Qazlal.
  3261 | D:4      | Found Hogu's Assorted Antiques.
  3320 | D:4      | Found a runed door.
  3520 | D:4      | Reached XP level 7. HP: 36/36 MP: 10/18
  3694 | D:4      | Noticed Crazy Yiuf
  3694 | D:4      | Noticed Menkaure
  3702 | D:4      | Learned a level 5 spell: Fireball
  3704 | D:4      | Killed Menkaure
  3704 | D:4      | Reached skill level 5 in Conjurations
  3704 | D:4      | Killed Crazy Yiuf
  3783 | D:5      | Entered Level 5 of the Dungeon
  3816 | D:5      | Reached skill level 7 in Spellcasting
  4017 | D:5      | Got a warped ring mail
  4112 | D:5      | Found a staircase to the Ecumenical Temple.
  4246 | Temple   | Entered the Ecumenical Temple
  4317 | Temple   | Became a worshipper of Yredelemnul the Dark
  4709 | D:5      | Reached XP level 8. HP: 37/41 MP: 21/21
  5210 | D:6      | Reached skill level 8 in Spellcasting
  5218 | D:6      | Found an iron altar of Okawaru.
  5548 | D:6      | Identified the +3 ring mail of Courage {+Fly Int+2} (You found it on level 5 of the Dungeon)
  6123 | D:7      | Reached skill level 9 in Spellcasting
  6124 | D:7      | Reached * piety under Yredelemnul
  6515 | D:7      | Reached XP level 9. HP: 43/45 MP: 14/24
  7016 | D:7      | Reached skill level 10 in Spellcasting
  7218 | D:7      | Reached ** piety under Yredelemnul
  7553 | D:7      | Found a deep blue altar of Sif Muna.
  7553 | D:7      | Found a snail-covered altar of Cheibriados.
  7772 | D:8      | Noticed Pikel
  7776 | D:8      | Killed Pikel
  7937 | D:7      | Reached skill level 10 in Fire Magic
  8057 | D:8      | Found a sand-covered staircase.
  8062 | D:8      | Identified the +3 rapier of Guilt {venom, Dex+4} (You found it on level 8 of the Dungeon)
  8108 | Ossuary  | Entered an ossuary
  8161 | Ossuary  | Reached XP level 10. HP: 42/50 MP: 21/26
  8219 | Ossuary  | Reached skill level 10 in Conjurations
  8427 | Ossuary  | Reached skill level 1 in Fighting
  8427 | Ossuary  | Reached skill level 1 in Armour
  8584 | D:8      | Reached *** piety under Yredelemnul
  8626 | D:8      | Noticed a two-headed ogre
  8633 | D:8      | Killed a two-headed ogre
  8775 | D:8      | Found a staircase to the Lair.
  8903 | D:8      | Reached skill level 5 in Dodging
  9086 | Lair:1   | Entered Level 1 of the Lair of Beasts
  9145 | Lair:1   | Identified the +3 robe of Dim Light {rN+ MR+} (You found it on level 1 of the Lair of Beasts)
  9293 | Lair:1   | Noticed Urug
  9712 | Lair:2   | Noticed a six-headed hydra
  9718 | Lair:2   | Killed a six-headed hydra
  9718 | Lair:2   | Reached XP level 11. HP: 62/62 MP: 5/27
  9745 | Lair:2   | Identified the Compendium of Companions and Combat Magic
  9806 | Lair:2   | Noticed a five-headed hydra
  9867 | Lair:2   | Killed a five-headed hydra
  9882 | Lair:2   | Noticed an oklob plant
 10092 | Lair:2   | Reached skill level 5 in Fighting
 10093 | Lair:2   | Received a gift from Yredelemnul (a mummy)
 10093 | Lair:2   | Received a gift from Yredelemnul (a wight)
 10179 | Lair:2   | Reached skill level 5 in Armour
 10435 | Lair:2   | Killed an oklob plant
 10597 | Lair:3   | Noticed Sonja
 10606 | Lair:3   | Killed Sonja
 11738 | Lair:4   | Found a staircase to the Snake Pit.
 12157 | Lair:4   | Noticed Kirke
 12345 | Lair:4   | Reached XP level 12. HP: 71/71 MP: 12/28
 12348 | Lair:4   | Reached skill level 10 in Dodging
 12352 | Lair:4   | Reached **** piety under Yredelemnul
 12415 | Lair:4   | Noticed a sphinx
 12447 | Lair:4   | Paralysed by a sphinx for 6 turns
 12604 | Lair:3   | Received a gift from Yredelemnul (a mummy)
 12864 | Lair:3   | Killed Kirke
 13064 | Lair:4   | Noticed a five-headed hydra
 13069 | Lair:4   | Killed a five-headed hydra
 13149 | Lair:4   | Reached skill level 1 in Shields
 13285 | Lair:4   | Found a staircase to the Shoals.
 13707 | Lair:5   | Noticed a death yak
 13873 | Lair:5   | Killed a death yak
 13873 | Lair:5   | Noticed a death yak
 13919 | Lair:4   | Killed a death yak
 14341 | Lair:5   | Received a gift from Yredelemnul (a mummy)
 14891 | Lair:6   | Entered Level 6 of the Lair of Beasts
 14893 | Lair:6   | Received a gift from Yredelemnul (a wight)
 14903 | Lair:6   | Noticed an eight-headed hydra
 15194 | Lair:6   | Reached skill level 11 in Spellcasting
 15244 | Lair:5   | HP: 3/74 [black mamba (13)]
 15245 | Lair:5   | Slain by a black mamba

Skill      XL: |  1  2  3  4  5  6  7  8  9 10 11 12 |
---------------+-------------------------------------+-----
Conjurations   | 2 3 4 5 7 9 10 | 10.7
Spellcasting   | 4 5 6 7 9 10 11 | 11.1
Fire Magic     | 4 5 6 8 10 | 10.8
Dodging        | 6 9 10 | 10.0
Fighting       | 4 6 8 |  8.2
Armour         | 4 6 |  6.0
Shields        | 4 |  4.3
Stealth        | |  2.4

Action                   |  1- 3 |  4- 6 |  7- 9 | 10-12 || total
-------------------------+-------+-------+-------+-------++-------
Melee: Unarmed           |     1 |     1 |       |       ||     2
       Mace              |       |     4 |   132 |   126 ||   262
 Cast: Flame Tongue      |    68 |    40 |    77 |    69 ||   254
       Throw Flame       |     9 |    40 |     8 |       ||    57
       Conjure Flame     |       |     4 |     4 |     6 ||    14
       Sticky Flame      |       |     2 |    48 |    79 ||   129
       Fireball          |       |       |    11 |    67 ||    78
Invok: Animate Remains   |       |       |     1 |       ||     1
       Animate Dead      |       |       |       |    26 ||    26
       Recall Undead Sla |       |       |       |     1 ||     1
Evoke: Wand              |       |       |       |     1 ||     1
  Use: Scroll            |       |     8 |     7 |     1 ||    16
       Potion            |       |       |       |     1 ||     1
 Stab: Distracted        |     1 |       |       |     1 ||     2
       Sleeping          |       |     1 |     5 |     1 ||     7
       Paralysed         |       |       |       |     2 ||     2
  Eat: Chunk             |     1 |     4 |    19 |    20 ||    44
       Ration            |       |     1 |       |     6 ||     7
Armor: Robe              |     5 |     4 |     7 |       ||    16
       Ring mail         |       |       |    93 |    99 ||   192
Dodge: Dodged            |    24 |    12 |   111 |   169 ||   316
